 Dungeon Crawl Stone Soup version 0.31-a0-675-g238779eb0a (webtiles) character file.

Game seed: 6120389131346767885

8 Essalna the Conjurer (level 2, 0/19 HPs)
             Began as a Demonspawn Conjurer on Sept 5, 2023.
             Slain by a kobold
             ... wielding a +0 short sword
              (3 damage)
             ... on level 1 of the Dungeon.
             The game lasted 00:00:43 (462 turns).

Essalna the Conjurer (Demonspawn Conjurer)           Turns: 462, Time: 00:00:44

Health: 0/19       AC:  2    Str:  7    XL:     2   Next: 0%
Magic:  5/5        EV: 12    Int: 19    God:
Gold:   45         SH:  0    Dex: 11    Spells: 4/5 levels left

rFire   . . .        f - +3 short sword (venom)
rCold   . . .        (no shield)
rNeg    . . .        a - +0 robe
rPois   .            (no helmet)
rElec   .            (no cloak)
rCorr   .            (no gloves)
SInv    .            (no boots)
Will    .....        (no amulet)
Stlth   ++           (no ring)
HPRegen 0.23/turn    (no ring)
MPRegen 0.09/turn

%: no passive effects
@: no status effects
A: hooves 1
a: no special abilities


You were on level 1 of the Dungeon.
You visited 1 branch of the dungeon, and saw 1 of its levels.

You collected 45 gold pieces.

Inventory:

Hand Weapons
 f - a +3 short sword of venom (weapon)
Armour
 a - a +0 robe (worn)
Scrolls
 d - 2 scrolls of identify
Potions
 b - a potion of magic
 c - a potion of curing


   Skills:
 - Level 1.7 Dodging
 - Level 1.7 Stealth
 + Level 2.3 Spellcasting
 + Level 4.2 Conjurations


You had 4 spell levels left.
You knew the following spells:

 Your Spells              Type           Power      Damage    Failure   Level
a - Magic Dart            Conj           72%        1d6       3%          1

Your spell library contained the following spells:

 Spells                   Type           Power      Damage    Failure   Level
 Searing Ray              Conj           36%        2d5       4%          2
 Dazzling Flash           Conj/Hex       20%        N/A       21%         3
 Fulminant Prism          Conj/Hex       5%         3d7       56%         4
 Iskenderun's Mystic Bla  Conj/Tloc      10%        2d4       56%         4


Dungeon Overview and Level Annotations

Branches:
Dungeon (1/15)

Altars:


Innate Abilities, Weirdness & Mutations

You have large cloven feet.


Message History

Key pressed, stopping explore.
Key pressed, stopping explore.
Key pressed, stopping explore.
Key pressed, stopping explore.
Found 5 javelins.
A frilled lizard comes into view.
A frilled lizard is nearby!
A frilled lizard is nearby!
A frilled lizard is nearby!
The magic dart hits the frilled lizard.
You kill the frilled lizard!
You have reached level 2!
You feel monstrous as your demonic heritage exerts itself.
Your demonic ancestry asserts itself...
Your feet thicken and deform.
A goblin and a dart slug come into view.
The goblin shouts!
There are monsters nearby!
There are monsters nearby!
A kobold comes into view. It is wielding a +0 dagger.
A kobold comes into view. It is wielding a +0 short sword.
The kobold throws a stone.
The stone completely misses you.
The kobold shouts!
The goblin hits you with a +0 club. The goblin hits you with a +0 club.
The dart slug launches a dart at you. The slug dart misses you.
The goblin hits you with a +0 club.
The kobold hits you with a +0 short sword.
The goblin barely misses you. The kobold closely misses you.
The goblin hits you but does no damage. The kobold closely misses you.
The goblin closely misses you. The kobold hits you but does no damage.
The goblin hits you but does no damage. The kobold hits you with a +0 dagger.
The kobold hits you with a +0 short sword.
* * * LOW HITPOINT WARNING * * *
The dart slug barely misses you. The goblin hits you with a +0 club.
* * * LOW HITPOINT WARNING * * *
The kobold hits you with a +0 short sword.
You die...

#........#...## .......
#........#...## .......
#........#...## .......
#........#...##
.......###............#.
.........#............+.
..............##......#.
......gKK...(.##........
......w@......##.....##.
#.............##.....##+
.#.#.†....###...........
...........####........
..................##....
..........####..........
..................##....
..................##....
..................#....


You could see a dart slug, a goblin and 2 kobolds.

Vanquished Creatures
  3 endoplasms (D:1)
  2 ball pythons (D:1)
  A frilled lizard (D:1)
  2 kobolds (D:1)
  A rat (D:1)
9 creatures vanquished.

Notes
Turn   | Place    | Note
-------+----------+-------------------------------------------
     0 | D:1      | Essalna the Demonspawn Conjurer began the quest for the
                  | Orb.
     0 | D:1      | Reached XP level 1. HP: 13/13 MP: 3/3
   424 | D:1      | Discovered your monstrous ancestry.
   424 | D:1      | Gained mutation: You have large cloven feet. [demonic
                  | ancestry]
   424 | D:1      | Reached XP level 2. HP: 19/19 MP: 3/5
   462 | D:1      | Slain by a kobold

Illustrated notes

Levels and vault maps discovered:
D:1:      reono_arrival_forest_river, layout_basic, minmay_tiny_reverse_x

Action                     || total
---------------------------++-------
  Melee: Short sword       ||     6
   Cast: Magic Dart        ||    10
    Use: Scroll            ||     2
 Armour: Robe              ||    15
  Dodge: Dodged            ||    13

Table legend: (Time is in decaauts)
 A = Elapsed time spent in this place.
 B = Non-inter-level travel time spent in this place.
 C = Inter-level travel time spent in this place.
 D = Time resting spent in this place.
 E = Time spent auto-exploring this place.
 F = Levels seen in this place.
 G = Mean time per level.
                   A        B        C        D        E       F      G
               +--------+--------+--------+--------+--------+-----+--------+
         Total |    464 |    464 |      0 |      0 |    409 |   1 |  464.0 |
       Dungeon |    464 |    464 |      0 |      0 |    409 |   1 |  464.0 |
               +--------+--------+--------+--------+--------+-----+--------+

Top non-repeatable levels by time:
     D:1: 464 daAuts
